 Dungeon Crawl Stone Soup version 0.32-a0-485-g70f7560b1c (webtiles) character file.

Game seed: 5941793770566059093

174 Dittersdorf the Covered (level 5, 0/34 HPs)
             Began as a Gargoyle Fighter on Feb 26, 2024.
             Slain by a gnoll
             ... wielding a +0 flail
              (3 damage)
             ... on level 4 of the Dungeon.
             The game lasted 00:02:23 (2668 turns).

Dittersdorf the Covered (Gargoyle Fighter)          Turns: 2668, Time: 00:02:24

Health: 0/34       AC: 12    Str: 22    XL:     5   Next: 54%
Magic:  5/5        EV:  9    Int:  8    God:
Gold:   142        SH:  4    Dex:  9    Spells: 4/4 levels left

rFire   . . .        a - +0 flail
rCold   . . .        c - +0 buckler
rNeg    + . .        b - +0 scale mail
rPois   ∞            (no helmet)
rElec   +            (no cloak)
rCorr   .            g - +0 pair of gloves
SInv    .            (no boots)
Will    .....        (no amulet) Stlth
                     (no ring)
HPRegen 0.25/turn    (no ring)
MPRegen 0.09/turn

%: no passive effects
@: no status effects
A: sickness immunity, AC +4, negative energy resistance 1, electricity
resistance, torment resistance 1, petrification resistance
a: no special abilities


You were on level 4 of the Dungeon.
You visited 1 branch of the dungeon, and saw 5 of its levels.

You collected 142 gold pieces.

Inventory:

Hand Weapons
 a - a +0 flail (weapon)
Armour
 b - a +0 scale mail (worn)
 c - a +0 buckler (worn)
 g - a +0 pair of gloves (worn)
Wands
 j - a wand of light (5)
 l - a wand of iceblast (8)
Scrolls
 e - 2 scrolls of poison
 i - a scroll of teleportation {unknown}
Potions
 d - 2 potions of might
 f - a potion of brilliance
 h - 3 potions of curing
 k - 2 potions of resistance


   Skills:
 + Level 4.3 Fighting
 + Level 3.2 Maces & Flails
 + Level 4.4 Armour
 + Level 4.3 Shields


You had 4 spell levels left.
You didn't know any spells.
Your spell library contained the following spells:

 Spells                   Type           Power      Damage    Failure   Level
 Apportation              Tloc           0%         N/A       80%         1
 Necrotise                Necr           0%         1d4       80%         1
 Sting                    Conj/Alch      0%         1d3       80%         1
 Summon Small Mammal      Summ           0%         N/A       80%         1
 Jinxbite                 Hex            0%         N/A       90%         2
 Alistair's Intoxication  Alch           0%         N/A       100%        5


Dungeon Overview and Level Annotations

Branches:
Dungeon (5/15)
 Temple: D:4-7

Altars:
Hepliaklqana

Shops:
D:3 ?   D:4 [


Innate Abilities, Weirdness & Mutations

You are immune to sickness and miasma.
Your stone body is resilient. (AC +4)
You are immune to poison.
You resist negative energy. (rN+)
You are resistant to electric shocks. (rElec)
You are resistant to unholy torment.
You are immune to petrification.


Message History

You are too injured to fight recklessly!
You are too injured to fight recklessly!
You are too injured to fight recklessly!
You are too injured to fight recklessly!
You are too injured to fight recklessly!
You are too injured to fight recklessly!
You are too injured to fight recklessly!
You are too injured to fight recklessly!
You closely miss the gnoll.
The gnoll is heavily wounded.
You block the gnoll's attack.
The gnoll hits you from afar with a +0 spear!
* * * LOW HITPOINT WARNING * * *
You hit the gnoll.
The gnoll is heavily wounded.
The gnoll hits you with a +0 flail.
* * * LOW HITPOINT WARNING * * *
The gnoll closely misses you. The gnoll hits you but does no damage.
The gnoll barely misses you.
You sock the gnoll!
You kill the gnoll!
The gnoll hits you from afar with a +0 spear.
* * * LOW HITPOINT WARNING * * *
The gnoll hits you with a +0 spear.
* * * LOW HITPOINT WARNING * * *
You see here a +0 flail.
You sock the gnoll!
The gnoll is heavily wounded.
You block the gnoll's attack.
You barely miss the gnoll.
The gnoll is heavily wounded.
The gnoll hits you but does no damage.
You sock the gnoll!
You kill the gnoll!
A gnoll comes into view. It is wielding a +0 flail.
A gnoll comes into view. It is wielding a +0 spear.
Found a stone staircase leading down.
The gnoll shouts!
The gnoll hits you with a +0 flail.
You die...

.#.#
.#.#####.
<........
...#####
##...w...
####### #
####.####
#>...gg.#
## #@# #.
#)# #
#.###.#
#.#.....#
#.......#
####...##
##.## #.#
#.#


You could see 2 gnolls.

Vanquished Creatures
  Jessica (D:2)
  8 gnolls
  2 adders
  A dart slug (D:2)
  2 ribbon worms (D:2)
  An orc (D:3)
  5 ball pythons
  7 endoplasms
  4 giant cockroaches
  3 goblins
  3 hobgoblins (D:2)
  2 quokkas
  A bat (D:1)
  4 kobolds
  7 rats
51 creatures vanquished.

Notes
Turn   | Place    | Note
-------+----------+-------------------------------------------
     0 | D:1      | Dittersdorf the Gargoyle Fighter began the quest for the
                  | Orb.
     0 | D:1      | Reached XP level 1. HP: 14/14 MP: 1/1
   510 | D:1      | Reached XP level 2. HP: 19/19 MP: 2/2
  1089 | D:2      | Reached XP level 3. HP: 24/24 MP: 3/3
  1504 | D:2      | Found a faded altar of an unknown god.
  1527 | D:2      | Noticed Jessica
  1546 | D:2      | Killed Jessica
  1547 | D:2      | Reached XP level 4. HP: 21/29 MP: 4/4
  1699 | D:3      | Found a hazy altar of Hepliaklqana.
  1726 | D:3      | Found Parhyefu's Magic Scroll Shop.
  1816 | D:3      | Reached XP level 5. HP: 29/33 MP: 5/5
  2632 | D:4      | You fall into a shaft and drop 1 floor!
  2632 | D:5      | Entered Level 5 of the Dungeon
  2640 | D:4      | Found Wejeaxt's Antique Armour Shoppe.
  2668 | D:4      | Slain by a gnoll

Illustrated notes

Levels and vault maps discovered:
D:1:      dpeg_cavernosity, layout_basic
D:2:      layout_rooms, chequers_ecumenical_altar_simple_redux, uniq_jessica
D:3:      layout_loops_corners, lemuel_tele_altar, serial_shops,
          nicolae_shop_tiny_real_fake_doors, kennysheep_generic_room_10
D:4:      layout_loops_cross, mainiacjoe_overflow_tiny_flanked,
          mainiacjoe_overflow_divided_tiny, nemelex_spade_bored_becter,
          serial_shops, nicolae_shop_hallway_stairs, nicolae_shop_gadgets,
          uniq_sigmund
D:5:      layout_rooms, kennysheep_mini, minmay_temple_entry_glass

Skill      XL: |  1  2  3  4 |
---------------+-------------+-----
Fighting       | 4 |  4.3
Armour         | 4 |  4.4
Shields        | 4 |  4.3
Maces & Flails | 3 |  3.2

Action                     |  1- 3 |  4- 6 || total
---------------------------+-------+-------++-------
  Melee: Flail             |   136 |    58 ||   194
    Use: Scroll            |       |     8 ||     8
 Armour: Scale mail        |    79 |    51 ||   130
  Dodge: Dodged            |    60 |    26 ||    86
  Block: Buckler           |    25 |    16 ||    41

Table legend: (Time is in decaauts)
 A = Elapsed time spent in this place.
 B = Non-inter-level travel time spent in this place.
 C = Inter-level travel time spent in this place.
 D = Time resting spent in this place.
 E = Time spent auto-exploring this place.
 F = Levels seen in this place.
 G = Mean time per level.
                   A        B        C        D        E       F      G
               +--------+--------+--------+--------+--------+-----+--------+
         Total |   2734 |   2648 |     86 |      3 |   2152 |   5 |  546.8 |
       Dungeon |   2734 |   2648 |     86 |      3 |   2152 |   5 |  546.8 |
               +--------+--------+--------+--------+--------+-----+--------+

Top non-repeatable levels by time:
     D:1: 1060 daAuts
     D:3: 958 daAuts
     D:2: 676 daAuts
     D:4: 30 daAuts
     D:5: 7 daAuts
